 Dungeon Crawl Stone Soup version 0.31-a0-214-gb37851dbb3 (webtiles) character file.

Game seed: 8638630120630336831

1855 pokeman the Thaumaturge (level 8, -1/46 HPs)
             Began as a Deep Elf Hedge Wizard on July 1, 2023.
             Slain by an orc warrior
             ... wielding a +2 long sword of freezing
              (20 damage)
             ... on level 6 of the Dungeon.
             The game lasted 00:13:29 (7028 turns).

pokeman the Thaumaturge (Deep Elf Hedge Wizard)     Turns: 7028, Time: 00:13:30

Health: -1/46      AC:  5    Str:  7    XL:     8   Next: 89%
Magic:  2/24       EV: 13    Int: 22    God:
Gold:   73         SH:  0    Dex: 14    Spells: 16/27 levels left

rFire   + . .        A - +2 whip (venom)
rCold   . . .        (no shield)
rNeg    . . .        b - +0 robe
rPois   .            m - +0 helmet
rElec   .            c - +0 cloak
rCorr   .            e - +0 pair of gloves
SInv    .            (no boots)
Will    .....        (no amulet)
Stlth   ++           h - ring of protection from fire
HPRegen 0.27/turn    (no ring)
MPRegen 0.19/turn

%: no passive effects
@: no status effects
A: no striking features
a: no special abilities


You were on level 6 of the Dungeon.
You visited 1 branch of the dungeon, and saw 6 of its levels.

You collected 301 gold pieces.
You spent 228 gold pieces at shops.

Inventory:

Hand Weapons
 A - a +2 whip of venom (weapon)
Armour
 b - a +0 robe (worn)
 c - a +0 cloak (worn)
 e - a +0 pair of gloves (worn)
 m - a +0 helmet (worn)
Jewellery
 h - a ring of protection from fire (left hand)
 p - an amulet of magic regeneration
Scrolls
 f - 2 scrolls of poison {unknown}
 g - a scroll of fog {unknown}
 k - a scroll of revelation {unknown}
 q - 3 scrolls of amnesia {unknown}
 r - 2 scrolls of enchant armour {unknown}
 s - 4 scrolls of identify
 t - 2 scrolls of immolation {unknown}
 v - a scroll of blinking {unknown}
 x - 4 scrolls of teleportation
 y - a scroll of summoning {unknown}
Potions
 d - 3 potions of magic
 i - a potion of mutation {unknown}
 j - 2 potions of degeneration {unknown}
 l - 2 potions of brilliance {unknown}
 n - a potion of attraction {unknown}
 o - a potion of heal wounds {unknown}
 u - a potion of curing {unknown}
 w - 2 potions of resistance {unknown}
 z - a potion of lignification {unknown}


   Skills:
 - Level 3.0 Fighting
 + Level 2.2 Armour
 - Level 3.0 Dodging
 - Level 3.1 Stealth
 * Level 10.4 Spellcasting
 + Level 5.6 Conjurations
 - Level 2.3 Summonings
 - Level 1.1 Translocations
 - Level 1.0 Air Magic
 + Level 4.1 Earth Magic
 - Level 1.0 Poison Magic


You had 16 spell levels left.
You knew the following spells:

 Your Spells              Type           Power      Damage    Failure   Level
a - Magic Dart            Conj           100%       1d8       1%          1
b - Mephitic Cloud        Conj/Pois/Air  22%        N/A       6%          3
c - Call Imp              Summ           42%        N/A       3%          2
d - Blink                 Tloc           32%        N/A       5%          2
e - Stone Arrow           Conj/Erth      66%        3d11      2%          3

Your spell library contained the following spells:

 Spells                   Type           Power      Damage    Failure   Level
 Hailstorm                Conj/Ice       24%        3d7       5%          3
 Slow                     Hex            44%        N/A       6%          1
 Cigotuvi's Dreadful Rot  Necr/Pois/Air  28%        N/A       7%          2
 Sublimation of Blood     Necr           11%        N/A       9%          2
 Wereblood                Tmut           11%        N/A       9%          2
 Gell's Gravitas          Tloc           16%        N/A       11%         3
 Teleport Other           Tloc           16%        N/A       11%         3
 Animate Armour           Summ/Erth      50%        N/A       16%         4
 Ice Form                 Ice/Tmut       11%        N/A       50%         4
 Dispersal                Tloc           8%         N/A       99%         6
 Simulacrum               Ice/Necr       5%         N/A       100%        6
 Summon Hydra             Summ           10%        N/A       100%        7
 Lehudib's Crystal Spear  Conj/Erth      16%        10d5      100%        8


Dungeon Overview and Level Annotations

Branches:
Dungeon (6/15)
 Temple: D:4-7

Altars:
Ashenzari
Gozag
Okawaru
Wu Jian
Zin

Shops:
D:3 **   D:4 *   D:5 [?


Message History

The ball explodes into a vile cloud!
The stinking cloud engulfs something but does no damage.
The stinking cloud engulfs the orc warrior but does no damage.
The orc warrior is engulfed in noxious fumes.
The orc warrior appears confused.
Something says, "I'm a little confused."
Things that are here:
a +0 club; a +0 ring mail The orc warrior gestures wildly.
The orc warrior hits you with a +2 long sword of freezing!
The orc warrior freezes you. Something barely misses you.
You strike the helpless orc warrior from behind!
You hit the orc warrior but do no damage.
The orc warrior is poisoned.
The orc warrior barely misses something.
You catch the helpless orc warrior completely off-guard!
You hit the orc warrior but do no damage.
The orc warrior looks as sick as possible!
The orc warrior is lightly wounded.
Something hits you.
You hit the orc warrior but do no damage.
The orc warrior is lightly wounded.
The orc warrior ponders the situation.
The orc warrior hits you with a +2 long sword of freezing.
The orc warrior freezes you. Something hits you.
You hit the orc warrior.
The orc warrior is moderately wounded.
The orc warrior seems less confused.
The orc warrior closely misses you.
You hit the orc warrior.
The orc warrior looks as sick as possible!
The orc warrior is heavily wounded.
The orc warrior closely misses you. Something hits you.
The orc warrior hits you with a +2 long sword of freezing.
The orc warrior freezes you.
You hit the orc warrior.
The orc warrior looks as sick as possible!
The orc warrior is severely wounded.
Something hits you.
The orc warrior hits you with a +2 long sword of freezing!!
You die...

.##.....##.##.....##.#####.......
+#...>...#'+.[.<...''# #.........
##.....##.##.....##.###.########
##...##...##...##...##.#
##'##..⌠..##'##.....'.#
##...##...##)).##...####
##.....##.##.....##.##
+.......''#....o..#'#
##.....##.##...@.##)#
##...##...##...###.#
##+##.....##'## #.# ##...###.#
#.# . ##.###..####.###.#
#+#........)....# #######)....###
#))..## #..#.##


You could see an orc warrior (extremely poisoned).

Vanquished Creatures
  Grinder (D:3)
  Sigmund (D:3)
  An orc warrior (D:6)
  A sky beast (D:5)
  4 ogres
  A phantom (D:3)
  A kobold brigand (D:6)
  A scorpion (D:5)
  A water moccasin zombie (D:4)
  2 howler monkeys (D:6)
  8 hounds
  2 orc priests (D:6)
  Jessica (D:3)
  3 scorpion zombies (D:4)
  Natasha (thrice) (D:3)
  An orc wizard (D:6)
  2 iguanas (D:5)
  2 hound zombies (D:4)
  A howler monkey zombie (D:4)
  2 gnolls (D:6)
  6 adders
  A worm (D:3)
  A dart slug (D:2)
  11 orcs
  7 bats
  2 endoplasms
  7 giant cockroaches
  6 hobgoblins
  8 jackals (D:1)
  A kobold (D:3)
  5 quokkas
  5 ball pythons
  3 frilled lizards
  10 goblins
  4 rats
116 creatures vanquished.

Notes
Turn   | Place    | Note
-------+----------+-------------------------------------------
     0 | D:1      | pokeman the Deep Elf Hedge Wizard began the quest for the
                  | Orb.
     0 | D:1      | Reached XP level 1. HP: 10/10 MP: 7/7
   170 | D:1      | Reached XP level 2. HP: 16/16 MP: 4/9
   855 | D:1      | Reached skill level 5 in Spellcasting
   981 | D:1      | Reached XP level 3. HP: 20/20 MP: 7/11
   985 | D:1      | Learned a level 3 spell: Mephitic Cloud
   988 | D:1      | Learned a level 2 spell: Call Imp
   991 | D:1      | Learned a level 2 spell: Blink
  1447 | D:2      | Reached skill level 1 in Fighting
  1517 | D:2      | Reached skill level 1 in Armour
  2162 | D:2      | Reached XP level 4. HP: 25/25 MP: 8/13
  2515 | D:3      | Found a faded altar of an unknown god.
  2721 | D:3      | Found an ornate altar of the Wu Jian Council.
  2722 | D:3      | Noticed Sigmund
  2795 | D:3      | Killed Sigmund
  2796 | D:3      | Reached skill level 6 in Spellcasting
  2796 | D:3      | Reached XP level 5. HP: 29/29 MP: 10/15
  2949 | D:3      | Found Gozag's Platinum Reserve.
  2950 | D:3      | Noticed Grinder
  2974 | D:3      | Found Syntieg's Assorted Antiques.
  2982 | D:3      | Bought a scroll labelled MIWIKOTANAO for 23 gold pieces
  2982 | D:3      | Bought a scroll labelled ZOATE RAPAFOA for 23 gold pieces
  2982 | D:3      | Bought a scroll labelled BUJUED ACWATZUCUIMN for 23 gold
                  | pieces
  2982 | D:3      | Bought a scroll labelled ROELAITIEPN for 23 gold pieces
  2982 | D:3      | Bought an amethyst potion for 20 gold pieces
  3063 | D:3      | Found an opulent altar of Gozag.
  3167 | D:3      | Noticed Natasha
  3177 | D:3      | Killed Natasha
  3178 | D:3      | Reached skill level 1 in Poison Magic
  3317 | D:3      | Noticed Jessica
  3324 | D:3      | Killed Jessica
  3325 | D:3      | Reached skill level 1 in Air Magic
  3549 | D:3      | Noticed Natasha
  3556 | D:3      | Killed Natasha
  3800 | D:3      | Noticed Natasha
  3816 | D:3      | Killed Natasha
  3817 | D:3      | Reached XP level 6. HP: 34/34 MP: 5/17
  4058 | D:3      | Reached skill level 7 in Spellcasting
  4268 | D:4      | Found Wazouf's General Store.
  4300 | D:4      | Bought a scroll of identify for 28 gold pieces
  4300 | D:4      | Bought a scroll of identify for 28 gold pieces
  4591 | D:4      | Learned a level 3 spell: Stone Arrow
  4633 | D:4      | Reached XP level 7. HP: 39/39 MP: 15/20
  4848 | D:3      | Killed Grinder
  4849 | D:3      | Reached skill level 8 in Spellcasting
  4849 | D:3      | Reached skill level 1 in Earth Magic
  5119 | D:5      | Entered Level 5 of the Dungeon
  5396 | D:5      | Found a glowing silver altar of Zin.
  5421 | D:5      | Found a broken altar of Ashenzari.
  5493 | D:5      | Found Umoocef's Magic Scroll Emporium.
  5501 | D:5      | Bought a scroll of teleportation for 30 gold pieces
  5501 | D:5      | Bought a scroll of teleportation for 30 gold pieces
  5642 | D:5      | Found an iron altar of Okawaru.
  5654 | D:5      | Reached XP level 8. HP: 45/45 MP: 18/22
  5912 | D:5      | Reached skill level 9 in Spellcasting
  6199 | D:5      | Found Rocvesig's Armour Shoppe.
  6725 | D:6      | Reached skill level 5 in Conjurations
  6825 | D:6      | Reached skill level 10 in Spellcasting
  7028 | D:6      | Slain by an orc warrior

Illustrated notes

Levels and vault maps discovered:
D:1:      onia_arrival_pyramid, layout_loops_ring, grunt_decor_fettered,
          minmay_fountain_box, serial_bayou_lagoon_a,
          chequers_serial_rivers_marsh
D:2:      layout_basic
D:3:      layout_loops_cross, mainiacjoe_overflow_catwalk,
          nicolae_gozag_zags_fifth_avenue, serial_shops, shop,
          ebering_ecumenical_altar_mist, nicolae_figureground_pulse,
          uniq_grinder, uniq_sigmund, uniq_natasha, uniq_jessica
D:4:      layout_rooms, serial_undead, serial_undead_a, serial_undead_f,
          serial_undead_c, serial_undead_c, serial_shops, nicolae_shop_trees
D:5:      layout_basic, lemuel_crystal_altar,
          mainiacjoe_overflow_catch_the_wave, serial_shops,
          kennysheep_mini_moat, shop
D:6:      lemuel_castle_with_subvaults [lemuel_castle_interior_original],
          layout_loops_corners, nicolae_hexahallways

Skill      XL: |  1  2  3  4  5  6  7  8 |
---------------+-------------------------+-----
Spellcasting   | 5 6 7 8 10 | 10.4
Fighting       | 1 2 3 |  3.0
Armour         | 1 2 |  2.2
Conjurations   | 2 3 4 5 |  5.6
Dodging        | 3 |  3.0
Stealth        | 3 |  3.1
Poison Magic   | 1 |  1.0
Air Magic      | 1 |  1.0
Summonings     | 2 |  2.3
Earth Magic    | 2 4 |  4.1
Translocations | |  1.1

Action                     |  1- 3 |  4- 6 |  7- 9 || total
---------------------------+-------+-------+-------++-------
  Melee: Dagger            |    22 |    20 |     2 ||    44
         Punch             |       |     1 |     1 ||     2
         Whip              |       |       |    27 ||    27
   Cast: Magic Dart        |   114 |   156 |    45 ||   315
         Mephitic Cloud    |       |     3 |     3 ||     6
         Stone Arrow       |       |     1 |    46 ||    47
   Stab: Confused          |       |     2 |     4 ||     6
 Armour: Robe              |    15 |    31 |     4 ||    50
  Dodge: Dodged            |    33 |    59 |    18 ||   110

Table legend: (Time is in decaauts)
 A = Elapsed time spent in this place.
 B = Non-inter-level travel time spent in this place.
 C = Inter-level travel time spent in this place.
 D = Time resting spent in this place.
 E = Time spent auto-exploring this place.
 F = Levels seen in this place.
 G = Mean time per level.
                   A        B        C        D        E       F      G
               +--------+--------+--------+--------+--------+-----+--------+
         Total |   7049 |   6785 |    264 |    342 |   5599 |   6 | 1174.8 |
       Dungeon |   7049 |   6785 |    264 |    342 |   5599 |   6 | 1174.8 |
               +--------+--------+--------+--------+--------+-----+--------+

Top non-repeatable levels by time:
     D:3: 1910 daAuts
     D:2: 1181 daAuts
     D:5: 1180 daAuts
     D:1: 1167 daAuts
     D:4: 880 daAuts
     D:6: 730 daAuts
